 Dungeon Sprint DCSS version 0.26-a0-651-gb41185065b (webtiles) character file.

Game seed: 12482470879382453839

938 mhtbhm the Carver (level 7, -3/73 HPs)
             Began as a Minotaur Fighter on Sept 29, 2020.
             Was a Believer of Okawaru.
             Slain by a vampire (5 damage)
             ... in the Dungeon (Sprint IX: "|||||||||||||||||||||||||||||").
             The game lasted 00:01:23 (453 turns).

mhtbhm the Carver (Minotaur Fighter)                 Turns: 453, Time: 00:01:23

Health: -3/73      AC: 13    Str: 23    XL:     7   Next: 87%
Magic:  6/6        EV: 12    Int:  5    God:    Okawaru [**....]
Gold:   0          SH: 12    Dex:  9    Spells: 6/6 levels left

rFire    . . .     SeeInvis .   a - +4 long sword (freeze)
rCold    . . .     Faith    .   c - +0 kite shield
rNeg     . . .     Spirit   .   b - +1 scale mail
rPois    .         Reflect  .   (helmet restricted)
rElec    .         Harm     .   o - +0 cloak
rCorr    .         Rampage  .   (no gloves)
MR       .....     NoTele   +   (no boots)
Stlth    ..........             (no amulet)
HPRegen  0.22/turn              p - +2 ring of protection
MPRegen  0.10/turn              q - +2 ring of evasion

@: no status effects
A: retaliatory headbutt, horns 2
a: Heroism, Renounce Religion


You were in the Dungeon.
You worshipped Okawaru.
Okawaru was pleased with you.
You visited 1 branch

Inventory:

Hand Weapons
 a - a +4 long sword of freezing (weapon)
Armour
 b - a +1 scale mail (worn)
 c - a +0 kite shield (worn)
 o - a +0 cloak (worn)
Jewellery
 p - a +2 ring of protection (left hand)
 q - a +2 ring of evasion (right hand)
Wands
 n - a wand of acid (10)
Scrolls
 j - 2 scrolls of blinking
 l - 3 scrolls of remove curse
 m - 2 scrolls of amnesia
Potions
 d - a potion of might
 e - 5 potions of curing
 f - 3 potions of heal wounds
 g - a potion of haste
 h - 4 potions of magic
 i - a potion of berserk rage
 k - a potion of invisibility


   Skills:
 + Level 10.6 Fighting
 + Level 10.8 Long Blades
 + Level 10.8 Armour
 + Level 2.5 Dodging
 + Level 0.3 Stealth
 + Level 10.5 Shields


You had 6 spell levels left.
You didn't know any spells.
Your spell library was empty.

Dungeon Overview and Level Annotations

Branches:
Dungeon (1/1)

Altars:
Cheibriados
Dithmenos
Elyvilon
Fedhas
Gozag
Hepliaklqana
Kikubaaqudgha
Makhleb
Nemelex Xobeh
Okawaru
Qazlal
Ru
Sif Muna
Trog
Uskayaw
Vehumet
Wu Jian
Xom
Yredelemnul
Zin
The Shining One
Beogh
Jiyva
Lugonu


Innate Abilities, Weirdness & Mutations

You reflexively headbutt those who attack you in melee.
You have a pair of horns on your head.


Message History

You slash something! You block something's attack.
Something bites you but does no damage.
You closely miss something. Something hits you. Something bites you!
* * * LOW HITPOINT WARNING * * *
Something draws strength from your injuries!
You barely miss something. Something hits you.
* * * LOW HITPOINT WARNING * * *
Something bites you.
* * * LOW HITPOINT WARNING * * *
Something draws strength from your injuries!
You hit something.
Unholy energy fills the air.
* * * LOW HITPOINT WARNING * * *
You hit something but do no damage. Your headbutt misses something.
Something hits you but does no damage. Something bites you but does no damage.
You barely miss something. Something hits you but does no damage.
Something bites you but does no damage.
You barely miss something. You hit something. You freeze something.
Something barely misses you. Something bites you.
You die... ▓▓▓▓▓▓▓▓▓▓▓▓▓▓▓▓▓▓▓▓▓▓▓▓ '..)).[[..))....@{TTZZ.. ▓▓▓▓▓▓▓▓▓▓▓▓▓▓▓▓▓▓▓▓▓▓▓▓

You could see 2 trolls, an adder zombie and an adder skeleton.

Vanquished Creatures
  An ugly thing (D)
  A hippogriff (D)
  An orc warrior (D)
  An ogre (D)
  A bullfrog (D)
  A scorpion (D)
  A wight (D)
  2 adders (D)
  A white imp (D)
  An orc (D)
  A bat zombie (D)
  2 goblins (D)
  A hobgoblin (D)
  2 rats (D)
17 creatures vanquished.

Notes
Turn   | Place    | Note
-------+----------+-------------------------------------------
     0 | D        | mhtbhm the Minotaur Fighter began the quest for the Orb.
     0 | D        | Reached XP level 1. HP: 19/19 MP: 0/0
    21 | D        | Noticed an ogre
    22 | D        | Reached XP level 2. HP: 28/28 MP: 1/1
    30 | D        | Killed an ogre
    30 | D        | Reached XP level 3. HP: 9/38 MP: 2/2
    30 | D        | Reached XP level 4. HP: 10/45 MP: 3/3
    47 | D        | Found a roughly hewn altar of Beogh.
    47 | D        | Found a snail-covered altar of Cheibriados.
    47 | D        | Found a shadowy altar of Dithmenos.
    47 | D        | Found a white marble altar of Elyvilon.
    47 | D        | Found a blossoming altar of Fedhas.
    47 | D        | Found an opulent altar of Gozag.
    48 | D        | Found a hazy altar of Hepliaklqana.
    49 | D        | Found a viscous altar of Jiyva.
    50 | D        | Found an ancient bone altar of Kikubaaqudgha.
    51 | D        | Found a corrupted altar of Lugonu.
    52 | D        | Found a burning altar of Makhleb.
    53 | D        | Found a sparkling altar of Nemelex Xobeh.
    54 | D        | Found an iron altar of Okawaru.
    55 | D        | Found a stormy altar of Qazlal.
    56 | D        | Found a sacrificial altar of Ru.
    57 | D        | Found a shimmering blue altar of Sif Muna.
    58 | D        | Found a bloodstained altar of Trog.
    59 | D        | Found a hide-covered altar of Uskayaw.
    60 | D        | Found a radiant altar of Vehumet.
    61 | D        | Found an ornate altar of the Wu Jian Council.
    62 | D        | Found a shimmering altar of Xom.
    66 | D        | Became a worshipper of Warmaster Okawaru
    68 | D        | Found a basalt altar of Yredelemnul.
    69 | D        | Found a glowing silver altar of Zin.
    70 | D        | Found a glowing golden altar of the Shining One.
   257 | D        | Noticed a bullfrog
   257 | D        | Noticed a hippogriff
   257 | D        | Noticed an orc warrior
   260 | D        | Reached skill level 5 in Long Blades
   260 | D        | Reached XP level 5. HP: 52/52 MP: 4/4
   265 | D        | Reached skill level 1 in Dodging
   265 | D        | Reached XP level 6. HP: 55/62 MP: 5/5
   271 | D        | Killed a hippogriff
   271 | D        | Reached * piety under Okawaru
   275 | D        | Killed an orc warrior
   275 | D        | Reached skill level 10 in Armour
   275 | D        | Reached XP level 7. HP: 41/71 MP: 6/6
   426 | D        | Noticed a green ugly thing
   426 | D        | Noticed a vampire
   426 | D        | Noticed a troll
   426 | D        | Noticed a troll
   436 | D        | Killed a green ugly thing
   436 | D        | Reached ** piety under Okawaru
   436 | D        | Reached skill level 10 in Fighting
   436 | D        | Reached skill level 10 in Long Blades
   436 | D        | Reached skill level 10 in Shields
   449 | D        | HP: 2/73 [something/vampiric draining (14)]
   453 | D        | Slain by a vampire

Illustrated notes

Levels and vault maps discovered:
D:        linesprint [early_d, line_temple, items_1, d_10, items_2, lair_1,
          lair_end, items_3, orc_1, orc_end, items_4, d_15, swamp_1, shoals_1,
          snake_1, spider_1, d_20, vaults_1, items_5, swamp_end, shoals_end,
          snake_end, spider_end, vaults_end, d_27, items_6, zot_1, zot_end,
          crypt_end, forest_end, elf_end, slime_end, tomb_end, abyss_end,
          pan_hell_end]

Skill      XL: |  1  2  3  4  5  6  7 |
---------------+----------------------+-----
Fighting       | 4 6 7 8 9 10 | 10.6
Armour         | 4 6 8 9 10 | 10.8
Shields        | 4 6 7 8 9 10 | 10.5
Long Blades    | 3 4 5 6 9 10 | 10.8
Dodging        | 1 2 |  2.5
Stealth        | |  0.3

Action                   |  1- 3 |  4- 6 |  7- 9 || total
-------------------------+-------+-------+-------++-------
Melee: Long sword        |    20 |    10 |    27 ||    57
       Headbutt          |     4 |     6 |     3 ||    13
       Scimitar          |       |    18 |     1 ||    19
Armor: Scale mail        |     3 |     8 |    12 ||    23
Dodge: Dodged            |     2 |    18 |     6 ||    26
Block: Kite shield       |     8 |    12 |     7 ||    27
       Rpst.: Long sword |       |     2 |     1 ||     3
       Scimitar          |       |     1 |       ||     1

Table legend: (Time is in decaauts)
 A = Elapsed time spent in this place.
 B = Non-inter-level travel time spent in this place.
 C = Inter-level travel time spent in this place.
 D = Time resting spent in this place.
 E = Time spent auto-exploring this place.
 F = Levels seen in this place.
 G = Mean time per level.
                   A        B        C        D        E       F      G
               +--------+--------+--------+--------+--------+-----+--------+
         Total |    460 |    460 |      0 |    272 |      3 |   1 |  460.0 |
       Dungeon |    460 |    460 |      0 |    272 |      3 |   1 |  460.0 |
               +--------+--------+--------+--------+--------+-----+--------+

Top non-repeatable levels by time:
       D: 460 daAuts
